 Dungeon Crawl Stone Soup version 0.18-a0-1666-g3ea6f2b (webtiles) character file.

2620 ShittyPlayer the Grappler (level 9, -3/63 HPs)
             Began as a Demonspawn Berserker on Mar 31, 2016.
             Was an Elder of Trog.
             Killed by nerve-wracking pain
             ... invoked by a shadow imp
              (12 damage)
             ... on level 7 of the Dungeon.
             The game lasted 00:13:36 (5722 turns).

ShittyPlayer the Grappler (Demonspawn Berserker)    Turns: 5722, Time: 00:13:38

Health: -3/63      AC:  6    Str: 21    XL:     9   Next: 34%
Magic:  0/9        EV: 11    Int: 15    God:    Trog [****..]
Gold:   281        SH:  7    Dex: 12    Spells: 0 memorised, 8 levels left

rFire  + . .     SeeInvis .       - Unarmed
rCold  . . .     Gourm    .     j - +0 ring mail {rPois}
rNeg   . . .     Faith    .     x - +2 buckler of Heug {*Corrode +Fly rElec rF+ Slay+2}
rPois  +         Spirit   +     (no helmet)
rElec  +         Dismiss  .     F - +0 cloak
rCorr  +         Reflect  .     (no gloves)
SustAt .         Harm     .     (no boots)
MR     .....                    (no amulet)
Stlth  ..........               C - ring of resist corrosion
                                f - +6 ring of intelligence

@: not resistant to hostile enchantments, extremely unstealthy
A: claws 2, hooves 1, foul stench 1, magic shield, rot immunity
a: Berserk, Trog's Hand, Brothers in Arms, Burn Spellbooks, Renounce Religion,
Evoke Flight


You were on level 7 of the Dungeon.
You worshipped Trog.
Trog was greatly pleased with you.
You were not hungry.

You visited 1 branch of the dungeon, and saw 7 of its levels.

You collected 281 gold pieces.

Inventory:

Hand Weapons
 a - a +1 hand axe
Missiles
 h - 3 javelins (quivered)
Armour
 b - a +0 animal skin
 j - a +0 ring mail of poison resistance (worn)
 m - a +0 cloak
 o - a +0 buckler
 x - the +2 buckler of Heug (worn) {*Corrode +Fly rElec rF+ Slay+2}
   (You took it off Duvessa on level 4 of the Dungeon)

   It affects your accuracy and damage with ranged weapons and melee attacks
   (+2).
   It protects you from fire.
   It insulates you from electricity.
   It lets you fly.
   It may corrode you when you take damage.
 F - a +0 cloak (worn)
Jewellery
 f - a +6 ring of intelligence (left claw)
 C - a ring of resist corrosion (right claw)
Wands
 v - a wand of flame (36/48)
 w - a wand of flame (20/48)
 y - a wand of polymorph (11/24)
 A - a wand of enslavement (5/24)
 E - a wand of digging (7/24)
Scrolls
 g - a scroll of enchant armour
 l - 4 scrolls of remove curse
 n - 6 scrolls of identify
 s - a scroll of amnesia {unknown}
 t - 5 scrolls of teleportation
 D - a scroll of magic mapping {unknown}
Potions
 d - a potion of curing
 e - a potion of resistance {unknown}
 i - 3 potions of brilliance
 p - a potion of magic {unknown}
 r - 3 potions of degeneration
 u - a potion of might
 B - a potion of cancellation
Comestibles
 c - 3 bread rations
 k - 5 meat rations
 q - 2 royal jellies
 z - 2 beef jerkies
 G - 4 chunks of flesh


   Skills:
 - Level 3.0 Fighting
 - Level 3.2 Axes
 - Level 1.7 Armour
 - Level 1.7 Dodging
 - Level 4.7 Shields
 + Level 10.3 Unarmed Combat


You had 8 spell levels left.
You didn't know any spells.

Dungeon Overview and Level Annotations

Branches:
Dungeon (7/15)
 Temple: D:4-7

Altars:
Dithmenos
Elyvilon
Gozag
Pakellas
Trog
Vehumet
Xom


Innate Abilities, Weirdness & Mutations

You have very sharp fingernails.
You have large cloven feet.
You may emit foul miasma when damaged in melee.
When hurt, damage is shared between your health and your magic reserves.
You are immune to rotting.


Message History

Your killer bee stings the shadow imp but does no damage. x2
The shadow imp misses your killer bee.
Your killer bee misses the shadow imp.
Your killer bee closely misses the shadow imp.
The shadow imp completely misses your killer bee.
Your killer bee barely misses the shadow imp.
The hungry ghost misses your killer bee.
Your killer bee barely misses the shadow imp.
The shadow imp misses your killer bee.
Your killer bee closely misses the shadow imp.
The hungry ghost hits your killer bee.
Your killer bee dies!
Evoke which item? (* to show all) (? for menu, Esc to quit)
Zapping:
E - a wand of digging (will waste charges)
Press: ? - help, Shift-Dir - straight line, p - shadow imp The rock shatters into small pieces.
Evoking this partially-identified wand wasted a few charges.
The shadow imp gestures at you. Pain shoots through your body!
You die...

#. #. ### #. ##.####.) ...
......#.# #.. .(.. ......#.####
#.# .... .........##..# #.#
....y ......#.##..#..###### #.#
#...y. ......)..#
#....@.5W###.##..#...
####>.#####..######)..........#.
#....# #.....#....... ##.##<#
##...)........ ###..##.#
##..#........ ..#.###...
##.......$.... ....# ###.##
##...###....... ....# ..#
##..### #......
....######.######...#... .....#


You could see a hungry ghost and a shadow imp.

Vanquished Creatures
  Pikel (D:4)
  Grinder (D:6)
  Sigmund (D:4)
  Menkaure (D:5)
  Edmund (D:5)
  Duvessa (D:4)
  A slave (D:4)
  An ice beast (D:7)
  3 ogres
  Blork the orc (D:4)
  Dowan (D:4)
  3 killer bees (D:7)
  A howler monkey (D:5)
  3 crimson imps
  2 centaur zombies (D:7)
  2 hounds
  An orc priest (D:6)
  4 orc wizards
  An iguana (D:4)
  A jelly (D:7)
  Natasha (D:4)
  A centaur skeleton (D:4)
  2 worker ants
  A howler monkey zombie (D:6)
  2 worker ant zombies
  6 gnolls
  8 adders
  A shadow imp (D:6)
  2 oozes
  An adder skeleton (D:4)
  3 dart slugs
  3 worms
  7 giant geckos
  13 orcs
  11 bats
  5 giant cockroaches
  10 goblins
  11 hobgoblins
  4 jackals (D:5)
  3 quokkas
  A ball python (D:4)
  A giant newt (D:5)
  10 kobolds
  A quokka zombie (D:7)
  3 rats (D:1)
142 creatures vanquished.

Vanquished Creatures (others)
  A killer bee (D:7)
  A quasit (D:4)
  Natasha (twice) (D:4)
  3 gnolls (D:4)
  An adder (D:4)
8 creatures vanquished.

Grand Total: 150 creatures vanquished

Notes
Turn   | Place    | Note
--------------------------------------------------------------
     0 | D:1      | ShittyPlayer the Demonspawn Berserker began the quest for the Orb.
     0 | D:1      | Reached XP level 1. HP: 18/18 MP: 1/1
   362 | D:1      | Gained mutation: You have sharp fingernails. [demonic ancestry]
   362 | D:1      | Reached XP level 2. HP: 18/24 MP: 2/2
   387 | D:1      | Reached skill level 1 in Unarmed Combat
   908 | D:1      | Reached ** piety under Trog
   908 | D:1      | Reached XP level 3. HP: 25/29 MP: 3/3
  1147 | D:2      | Reached skill level 2 in Unarmed Combat
  1168 | D:2      | Found a bloodstained altar of Trog.
  1363 | D:2      | Found a white marble altar of Elyvilon.
  1400 | D:2      | Gained mutation: When hurt, damage is shared between your health and your magic reserves. [demonic ancestry]
  1400 | D:2      | Reached XP level 4. HP: 35/35 MP: 4/4
  1536 | D:2      | Reached skill level 3 in Unarmed Combat
  2437 | D:3      | Reached skill level 4 in Unarmed Combat
  2437 | D:3      | Gained mutation: You have very sharp fingernails. [demonic ancestry]
  2437 | D:3      | Reached XP level 5. HP: 29/41 MP: 3/5
  2569 | D:3      | Reached *** piety under Trog
  2712 | D:3      | Found a shadowy altar of Dithmenos.
  3187 | D:4      | Noticed Sigmund
  3196 | D:4      | Killed Sigmund
  3196 | D:4      | Reached skill level 5 in Unarmed Combat
  3196 | D:4      | Gained mutation: You have large cloven feet. [demonic ancestry]
  3196 | D:4      | Reached XP level 6. HP: 47/47 MP: 4/6
  3262 | D:4      | Noticed Dowan
  3264 | D:4      | Noticed Duvessa
  3277 | D:4      | Killed Dowan
  3278 | D:4      | Killed Duvessa
  3278 | D:4      | Reached skill level 6 in Unarmed Combat
  3279 | D:4      | Gained mutation: You are immune to rotting. [demonic ancestry]
  3279 | D:4      | Reached XP level 7. HP: 17/52 MP: 2/7
  3318 | D:4      | Got a twisted buckler
  3324 | D:4      | Identified the +2 buckler of Heug {*Corrode +Fly rElec rF+ Slay+2} (You took it off Duvessa on level 4 of the Dungeon)
  3551 | D:4      | Noticed Pikel
  3578 | D:4      | Killed Pikel
  3578 | D:4      | Gained mutation: You may emit foul miasma when damaged in melee. [demonic ancestry]
  3578 | D:4      | Reached XP level 8. HP: 41/58 MP: 5/8
  3683 | D:4      | Noticed Natasha
  3686 | D:4      | Noticed Blork the orc
  3690 | D:4      | Killed Natasha
  3696 | D:4      | Killed Blork the orc
  3780 | D:4      | Killed Natasha
  3836 | D:4      | Killed Natasha
  3996 | D:4      | Reached skill level 7 in Unarmed Combat
  4116 | D:4      | Reached **** piety under Trog
  4140 | D:4      | Found a shimmering altar of Xom.
  4400 | D:5      | Entered Level 5 of the Dungeon
  4400 | D:5      | Noticed Edmund
  4407 | D:5      | Killed Edmund
  4763 | D:5      | Noticed Menkaure
  4776 | D:5      | Killed Menkaure
  4776 | D:5      | Reached skill level 8 in Unarmed Combat
  5006 | D:5      | Found an oddly glowing altar of Pakellas.
  5083 | D:6      | Noticed Grinder
  5093 | D:6      | Killed Grinder
  5093 | D:6      | Reached skill level 9 in Unarmed Combat
  5156 | D:6      | Found an opulent altar of Gozag.
  5191 | D:6      | Reached XP level 9. HP: 63/63 MP: 9/9
  5600 | D:7      | Found a radiant altar of Vehumet.
  5671 | D:7      | Reached skill level 10 in Unarmed Combat
  5713 | D:7      | HP: 3/63 [killer bee (3)]
  5722 | D:7      | Killed from afar by a shadow imp

Vault maps used:
D:1:      dpeg_arrival_signposts, nrook_uturn
D:2:      bloody_trog, old_standard_altar
D:3:      lemuel_crystal_altar, first_bread
D:4:      tgw_xom, uniq_pikel, uniq_sigmund, uniq_blork_the_orc, uniq_duvessa,
          uniq_natasha
D:5:      lemuel_crystal_altar, uniq_menkaure, uniq_edmund
D:6:      basic_altar, uniq_grinder
D:7:      fedhas_altar_1, nicolae_overflow_crystal_walls, marbit_many_paths,
          led_sif_pool, minmay_temple_entry_trees, basic_altar, grunt_ogre_cave

Skill      XL: |  1  2  3  4  5  6  7  8  9 |
---------------+----------------------------+-----
Axes           | 3 |  3.2
Unarmed Combat | 1 2 4 5 6 9 10 | 10.3
Shields        | 4 |  4.7
Fighting       | |  3.0
Armour         | |  1.7
Dodging        | |  1.7

Action                   |  1- 3 |  4- 6 |  7- 9 || total
-------------------------+-------+-------+-------++-------
Melee: Hand axe          |   107 |    56 |       ||   163
       Unarmed           |       |    74 |   237 ||   311
Invok: Berserk           |     1 |     4 |       ||     5
Evoke: Wand              |       |       |     3 ||     3
  Use: Potion            |       |     1 |     9 ||    10
       Scroll            |       |       |     5 ||     5
  Eat: Bread ration      |     1 |     2 |     1 ||     4
       Chunk             |       |     1 |     2 ||     3
